 Dungeon Crawl Stone Soup version 0.23.2-33-g5129a83184 (webtiles) character file.

Game seed: 14445832053201294884

28 Derp the Grave Robber (level 2, -1/19 HPs)
             Began as a Demonspawn Necromancer on July 15, 2019.
             Slain by a gnoll
             ... wielding a cursed -1 dagger
              (6 damage)
             ... on level 1 of the Dungeon.
             The game lasted 00:02:51 (525 turns).

Derp the Grave Robber (Demonspawn Necromancer)       Turns: 525, Time: 00:02:51

Health: -1/19      AC:  8    Str:  8    XL:     2   Next: 96%
Magic:  4/5        EV: 12    Int: 16    God:
Gold:   30         SH:  0    Dex: 13    Spells: 4/5 levels left

rFire    . . .     SeeInvis .   g - +0 short sword
rCold    . . .     Gourm    .   (no shield)
rNeg     . . .     Faith    .   a - +0 robe
rPois    .         Spirit   .   (no helmet)
rElec    .         Reflect  .   (no cloak)
rCorr    .         Harm     .   (no gloves)
MR       .....                  (no boots)
Stlth    ++........             (no amulet)
HPRegen  0.06/turn              (no ring)
MPRegen  0.09/turn              (no ring)

@: sanguine armour
A: sanguine armour 1
a: no special abilities


You were on level 1 of the Dungeon.
You were not hungry.

You visited 1 branch of the dungeon, and saw 1 of its levels.

You collected 30 gold pieces.

Inventory:

Hand Weapons
 g - a +0 short sword (weapon)
Armour
 a - a +0 robe (worn)
 b - a +0 robe
Scrolls
 f - a scroll of teleportation {unknown}
Potions
 d - a potion of might {unknown}
 e - a potion of agility {unknown}
Comestibles
 c - 3 rations


   Skills:
 + Level 2.0 Dodging
 + Level 1.9 Stealth
 + Level 2.2 Spellcasting
 + Level 5.1 Necromancy


You had 4 spell levels left.
You knew the following spells:

 Your Spells              Type           Power        Failure   Level  Hunger
a - Pain                  Necr           ###.         2%          1    #......

Your spell library contained the following spells:

 Spells                   Type           Power        Failure   Level  Hunger
 Animate Skeleton         Necr           N/A          2%          1    #......
 Vampiric Draining        Necr           ###.......   8%          3    ###....
 Regeneration             Chrm/Necr      #.........   22%         3    ###....
 Animate Dead             Necr           N/A          24%         4    #####..


Dungeon Overview and Level Annotations

Branches:
Dungeon (1/15)

Altars:


Innate Abilities, Weirdness & Mutations

When seriously injured, your bleeding wounds create armour. (AC +6)


Message History

Confirm with . or Enter, or press ? or * to list all spells.
Aiming: Pain (safe; 2% risk of failure)
Press: ? - help, Shift-Dir - straight line, f - giant cockroach
Aim: a giant cockroach (chance to defeat MR: 89%)
The giant cockroach writhes in agony.
The giant cockroach closely misses you. The giant cockroach bites you.
Casting: Pain (safe; 2% risk of failure)
Confirm with . or Enter, or press ? or * to list all spells.
Aiming: Pain (safe; 2% risk of failure)
Press: ? - help, Shift-Dir - straight line, f/p - giant cockroach
Aim: a giant cockroach (almost dead, chance to defeat MR: 89%)
The giant cockroach writhes in agony.
You kill the giant cockroach!
A gnoll comes into view. It is wielding a -1 dagger.
The gnoll shouts!
The gnoll hits you with a cursed -1 dagger.
* * * LOW HITPOINT WARNING * * *
The gnoll barely misses you.
The gnoll hits you with a cursed -1 dagger.
You die...

########......#### ..#
#.............#### #.#
#................. #.#
#.............#### #.#
#...............## ....... #.#
#.............#.#. .......# #.#
#.............#.#.
.......####.####.†.....###.......
........).)>...g@.....)+.......##
.......####(####.......######..#
.......# #.# ######### #..##
.....†.####†# ###########....
...........(# #........###.##
........##### #........# #..
#######.# #.# #........# ##.# #.#
#.# #........# #.. #.# #.#
#........#####.


You could see a gnoll.

Vanquished Creatures
  An ooze (D:1)
  A dart slug (D:1)
  A leopard gecko (D:1)
  3 giant cockroaches (D:1)
  A goblin (D:1)
  5 hobgoblins (D:1)
  A bat (D:1)
  3 kobolds (D:1)
  2 rats (D:1)
18 creatures vanquished.

Notes
Turn   | Place    | Note
-------+----------+-------------------------------------------
     0 | D:1      | Derp the Demonspawn Necromancer began the quest for the
                  | Orb.
     0 | D:1      | Reached XP level 1. HP: 13/13 MP: 3/3
   197 | D:1      | Gained mutation: When seriously injured, your bleeding
                  | wounds create armour. (AC +6) [demonic ancestry]
   197 | D:1      | Reached XP level 2. HP: 18/19 MP: 3/5
   303 | D:1      | Reached skill level 5 in Necromancy
   525 | D:1      | Slain by a gnoll

Skill      XL: |  1  2 |
---------------+-------+-----
Necromancy     | 5 |  5.1
Dodging        | 2 |  2.0
Stealth        | |  1.9
Spellcasting   | |  2.2

Action                   || total
-------------------------++-------
 Cast: Pain              ||    32
Armor: Robe              ||     6
Dodge: Dodged            ||    23
